Map: [ESL] Babylon

Players

HeroMarine - Winner!

  • Race: Terran Terran
  • Spawn Location: 11:00

NightPhoenix

  • Race: Protoss Protoss
  • Spawn Location: 5:00

Event: ESL SC2 Masters 2023 Summer (Regionals)

VOD

Have the link to the VOD?

Description

Time

  • Played on: May 4, 2023, 1:17 p.m.
  • Length: 8:07

All games in this series

Show
View Real Time Build Order
Export as new Build Order

HeroMarine Terran - Winner!

Build Orders: Cyclone Opening 

Get SALT Encoding   

  12  0:00  SCV  
  13  0:12  SCV  
  14  0:17  Supply Depot  
  14  0:24  SCV  
  15  0:38  SCV  
  15  0:40  Barracks  
  16  0:43  Refinery  
  16  0:50  SCV  
  16  0:53  Refinery  
  17  1:02  SCV  
  18  1:15  SCV  
  19  1:23  Supply Depot  
  19  1:27  Reaper  
  19  1:28  Orbital Command  
  20  1:46  Factory  
  20  1:54  SCV  
  20  1:59  Barracks Reactor  
  21  2:06  SCV  
  22  2:17  Command Center  
  22  2:20  SCV  
  23  2:30  Factory Tech Lab  
  23  2:32  SCV  
  23  2:36  Marine x2  
  27  2:45  Barracks  
  27  2:49  Cyclone  
  29  2:51  Supply Depot  
  29  2:54  SCV  
  29  2:57  Marine  
  31  3:12  Marine  
  31  3:13  SCV  
  31  3:16  Marine  
  34  3:25  SCV  
  35  3:32  Marine  
  35  3:33  Barracks  
  36  3:34  Marine  
  36  3:37  SCV  
  36  3:40  Marine, Factory Tech Lab  
  36  3:41  Stimpack  
  38  3:49  Orbital Command  
  38  3:50  Bunker, SCV  
  40  4:01  Siege Tank  
  43  4:02  SCV  
  43  4:05  Marine x2  
  43  4:08  Marine  
  46  4:14  SCV  
  46  4:15  SCV  
  48  4:20  Supply Depot  
  47  4:27  SCV  
  47  4:28  SCV  
  47  4:29  Marine  
  47  4:30  Marine x2  
  52  4:32  Engineering Bay  
  52  4:39  SCV  
  52  4:40  SCV  
  54  4:47  Marine  
  54  4:51  SCV  
  54  4:52  SCV  
  56  4:58  Terran Infantry Weapons Level 1, Starport  
  56  5:00  Supply Depot  
  56  5:03  SCV  
  56  5:04  SCV, Combat Shield  
  58  5:08  Factory Reactor  
  58  5:11  Missile Turret  
  58  5:12  Marine x2  
  60  5:14  Marine  
  60  5:15  SCV  
  60  5:20  SCV  
  62  5:21  Marine  
  62  5:32  Marauder, Refinery  
  62  5:35  Supply Depot  
  63  5:36  SCV x2, Refinery  
  63  5:38  Concussive Shells  
  63  5:40  Marauder  
  67  5:48  SCV x2  
  68  5:51  Medivac  
  68  5:53  Factory Reactor  
  68  5:56  Medivac  
  72  6:00  Marauder  
  72  6:01  Marauder  
  72  6:02  Supply Depot  
  72  6:03  SCV x2, Supply Depot  
  78  6:11  Marine x2  
  78  6:15  SCV  
  78  6:20  Supply Depot x2  
  78  6:23  SCV, Marauder x2  
  83  6:29  Marine x2  
  83  6:32  Medivac x2  
  87  6:33  Widow Mine x2  
  93  6:45  Marauder x2  
  99  6:51  Marine x2  
  99  6:55  Widow Mine x2  
  102  7:05  Command Center  
  102  7:06  Marauder x2  
  104  7:10  Medivac x2  
  104  7:14  SCV  
  104  7:15  SCV  
  108  7:28  Marauder  
  108  7:29  Marine  
  110  7:30  SCV  
  110  7:31  SCV  
  110  7:32  Marine  
  110  7:38  Widow Mine  
  110  7:39  Widow Mine, Marauder  
  110  7:42  SCV  
  110  7:43  SCV  
  111  7:47  Marine  
  107  8:07  Barracks  
Show
View Real Time Build Order
Export as new Build Order

NightPhoenix Protoss 

Build Orders: 1 Gate Expand, Colossus Rush 

Get SALT Encoding   

  12  0:00  Probe  
  13  0:12  Probe  
  14  0:17  Pylon  
  14  0:24  Probe  
  15  0:36  Probe (Chrono Boost)  
  15  0:38  Gateway  
  16  0:47  Assimilator  
  16  0:48  Probe (Chrono Boost)  
  17  0:53  Probe (Chrono Boost)  
  18  1:03  Probe  
  19  1:26  Cybernetics Core, Zealot  
  21  1:38  Nexus  
  21  1:46  Pylon  
  21  1:48  Probe  
  22  2:00  Probe  
  22  2:01  Assimilator  
  23  2:02  Adept (Chrono Boost)  
  24  2:12  Probe  
  24  2:13  Warp Gate  
  25  2:22  Stalker (Chrono Boost)  
  25  2:28  Probe  
  28  2:37  Robotics Facility  
  28  2:43  Probe  
  29  2:46  Stalker (Chrono Boost)  
  29  2:51  Probe  
  32  2:59  Probe  
  32  3:03  Probe  
  34  3:09  Stalker  
  36  3:17  Probe  
  36  3:18  Probe  
  38  3:25  Warp Prism  
  38  3:31  Gateway  
  38  3:32  Probe  
  39  3:34  Probe  
  40  3:44  Probe  
  40  3:47  Probe  
  42  3:50  Gateway  
  42  3:54  Pylon  
  42  3:57  Probe (Chrono Boost)  
  42  4:01  Stalker  
  45  4:06  Probe (Chrono Boost)  
  46  4:12  Twilight Council  
  46  4:14  Probe (Chrono Boost), Pylon  
  46  4:15  Observer  
  48  4:18  Probe (Chrono Boost)  
  48  4:19  Probe (Chrono Boost)  
  50  4:26  Adept x2  
  54  4:34  Probe x2  
  56  4:42  Blink (Chrono Boost)  
  54  4:47  Probe x2  
  56  4:57  Stalker  
  56  4:59  Probe x2  
  60  5:02  Nexus  
  60  5:04  Pylon  
  60  5:06  Pylon  
  60  5:11  Robotics Bay  
  60  5:15  Pylon  
  60  5:27  Probe x2  
  60  5:32  Stalker x2, Assimilator  
  60  5:34  Assimilator  
  64  5:36  Stalker  
  64  5:39  Probe x2  
  67  5:56  Colossus (Chrono Boost)  
  65  6:00  Zealot x3  
  65  6:02  Probe x2  
  79  6:14  Probe  
  79  6:16  Probe x2  
  72  6:21  Stalker x2, Shield Battery  
  72  6:23  Stalker, Shield Battery  
  78  6:39  Colossus (Chrono Boost)  
  78  6:46  Gateway x2  
  84  6:50  Gateway  
  84  6:53  Probe  
  84  6:54  Probe x2  
  87  6:59  Forge  
  87  7:09  Stalker  
  87  7:10  Stalker  
  87  7:11  Stalker  
  87  7:12  Probe x2  
  65  7:35  Stalker x3  
  65  7:36  Probe x2  
  47  7:49  Stalker x2  
  43  7:55  Zealot  
Tags
 
Add a new tag
Caveats
  • Supply blocks, unpowered buildings, or Contaminate may cause inaccurate times.
  • Supply counts are checked every 10 seconds.